[Event "FIDE WCCC U10 2018"]
[Site "Santiago de Compostela"]
[Date "2018.11.05"]
[Round "2"]
[White "Zhong, Kevin"]
[Black "Suleymanov, Ali"]
[Result "1-0"]
[ECO "C54"]
[WhiteElo "2038"]
[BlackElo "1667"]
[Annotator "NA"]
[PlyCount "123"]
[EventDate "2018.11.04"]
[EventType "swiss"]
[EventCountry "ESP"]
[SourceTitle "playchess.com"]
[Source "ChessBase"]
[SourceQuality "1"]
[TimeControl "40/5400+30:1800+30"]

1. e4 e5 2. Nf3 Nc6 3. Bc4 Bc5 4. c3 Nf6 5. d3 d6 6. Bb3 h6 7. O-O O-O 8. Nbd2 Bg4 9. h3 {[%emt 0:00:14] LiveBook: 3 Games C54: Giuoco Piano: 4 c3 Nf6, main lines with 5 d4 and 5 d3} Bh5 10. Re1 a5 (10... Re8 11. Nf1 Nd7 12. Ng3 Bg6 13. Nh2 Qh4 14. Qf3 Ne7 15. Ng4 c6 16. Ne3 Rad8 {1-0 (47) Lazic,M (2476)-Kojic,T (2355) Bihac 2016}) 11. Nf1 b5 12. Ng3 Bg6 13. Nh4 Kh7 14. Qf3 $146 ({Predecessor:} 14. Nhf5 a4 15. Bc2 d5 16. Qe2 Qd7 {0-1 (72) Hairul,M (1446)-Md,M (1823) Penang 2015}) 14... a4 15. Bc2 ({Wrong is} 15. Nxg6 $2 fxg6 16. Be6 Qe8 $19) 15... Ng8 16. Ngf5 Bxf5 17. Nxf5 g6 18. Ne3 Nce7 19. Rd1 Bb6 20. d4 exd4 21. cxd4 Nc6 22. Nd5 (22. Nf5 $1 $11 {remains equal.}) 22... Nxd4 23. Qd3 {[%emt 0:00:12] [#]} Ba7 ({Black should play} 23... Bc5 $1 $17 24. Be3 Nxc2 25. Qxc2 c6 26. Bxc5 dxc5) 24. Be3 Nxc2 25. Qxc2 Bxe3 26. Nxe3 Rc8 27. Qc6 Qe8 28. Qc2 Nf6 29. f3 Qe5 30. Rac1 Rfd8 31. Nd5 c6 32. Nb4 c5 33. Nd5 Nxd5 ({Black should play} 33... Rc6 $15) 34. Rxd5 Qe7 35. Rcd1 Qf6 36. Qd2 Re8 37. Rxd6 Qe5 38. Rd7 Re7 39. Rd5 Qf6 40. Rc1 Qb6 41. Qe3 Rec7 42. Rcd1 Qe6 43. Qf4 b4 44. Rd6 Qxa2 45. Qf6 Rf8 $2 (45... Rg8 $11 {und Schwarz ist OK.}) 46. Rd8 $4 {[%emt 0:01:11] [#]} (46. h4 $18) 46... Rc8 $2 ({Better is} 46... Qe6 $1 $19 47. Qxe6 Rxd8) 47. R8d7 Kg8 48. R1d5 a3 $2 (48... Qb3 $11 49. Kh2 Rb8) 49. Rxf7 Rxf7 50. Qxg6+ Kf8 51. Qxh6+ Ke8 52. Qe6+ Kf8 53. Qxc8+ Kg7 54. Qg4+ Kf8 55. Rd8+ Ke7 56. Qd7+ Kf6 57. Qd6+ Qe6 58. e5+ Kf5 59. g4+ Kf4 60. Qxe6 axb2 61. Qxf7+ Kg3 62. Qa2 1-0

[Event "FIDE WCCC U10 2018"]
[Site "Santiago de Compostela"]
[Date "2018.11.05"]
[Round "2"]
[White "Kadam Om Manish"]
[Black "Emrikian, Aren"]
[Result "1/2-1/2"]
[ECO "C55"]
[WhiteElo "2025"]
[BlackElo "1658"]
[Annotator "NA RC"]
[PlyCount "85"]
[EventDate "2018.11.04"]
[EventType "swiss"]
[EventCountry "ESP"]
[SourceTitle "playchess.com"]
[Source "ChessBase"]
[SourceQuality "1"]
[TimeControl "40/5400+30:1800+30"]

1. e4 e5 2. Nf3 Nc6 3. Bc4 Nf6 4. d3 Be7 5. O-O O-O 6. Re1 d6 7. a4 Kh8 8. a5 {[%emt 0:01:00] C55: Two Knights: 4 d3, 4 d4 exd4 5 e5 and Max Lange Attack} (8. Nc3 Ng8 9. Nd5 f5 10. h3 fxe4 11. dxe4 Nf6 12. a5 a6 13. Ra3 Be6 14. Nxf6 Bxc4 15. Nd5 Bb5 {½-½ (67) Caruana,F (2822)-Grischuk,A (2766) Saint Louis 2018}) 8... a6 9. h3 Ng8 10. Nc3 f5 {[%emt 0:01:17] LiveBook: 16 Games} 11. exf5 (11. Nd5 $14) 11... Bxf5 12. Nd5 Nf6 $146 ({Predecessor:} 12... Qd7 13. c3 Rae8 14. b4 Nd8 15. d4 e4 {½-½ (70) Gara,A (2333)-Szczepkowska,K (2377) Budapest 2014}) 13. Be3 (13. Nxe7 $11 Nxe7 14. Bd2) 13... Qd7 ({Black should try} 13... Nxd5 $15 14. Bxd5 Nxa5) 14. c3 Nxd5 15. Bxd5 Bf6 16. Ra4 Rab8 17. Ng5 Bxg5 18. Bxg5 Ne7 19. Bb3 Ng6 20. g4 Be6 21. Bxe6 $1 Qxe6 22. f4 $1 Qf7 23. f5 Ne7 24. Bxe7 Qxe7 25. Qe2 (25. d4 $11) 25... Qg5 (25... Qh4 $15 26. Re4 Qxh3) 26. Qe3 Rxf5 27. Qxg5 Rxg5 28. Kh2 Rg6 29. Rb4 Re6 30. d4 c6 31. dxe5 dxe5 32. Kg3 Re7 33. Rbe4 Rbe8 34. b4 Kg8 35. c4 Kf7 36. Kf3 Kf6 37. h4 Rd8 38. R1e3 (38. Ke2 $11) 38... h6 (38... Rd2 $17 39. c5 h6) 39. Ke2 g6 40. Rf3+ Kg7 41. Rfe3 Kf6 42. Rf3+ Kg7 43. Rfe3 1/2-1/2

[Event "FIDE WCCC U10 2018"]
[Site "Santiago de Compostela"]
[Date "2018.11.05"]
[Round "2"]
[White "Xiao, Tong"]
[Black "Kempe, Caius Emilian"]
[Result "1-0"]
[ECO "B27"]
[WhiteElo "2022"]
[BlackElo "1653"]
[Annotator "NA RC"]
[PlyCount "49"]
[EventDate "2018.11.04"]
[EventType "swiss"]
[EventCountry "ESP"]
[SourceTitle "playchess.com"]
[Source "ChessBase"]
[SourceQuality "1"]
[TimeControl "40/5400+30:1800+30"]

1. e4 c5 2. Nf3 g6 3. d4 cxd4 4. Qxd4 Nf6 5. e5 Nc6 6. Qa4 Nd5 {[%emt 0:00:26] LiveBook: 312 Games} 7. Qe4 Nb6 {[%emt 0:00:31] B27: Sicilian: 2 Nf3, unusual Black 2nd moves} 8. Bd3 (8. Nc3 Bg7 9. Bf4 d5 10. exd6 Bf5 11. dxe7 Qd7 12. Qe3 Nb4 13. Rc1 Nxc2+ 14. Rxc2 Bxc2 15. Bb5 Bxc3+ 16. Qxc3 Qxb5 17. Qxh8+ Kxe7 {½-½ (22) Ortiz Suarez,I (2548)-Guseinov,G (2654) Barbera del Valles 2018}) 8... Bg7 9. O-O O-O 10. Nc3 d5 11. Qf4 $146 ({Predecessor:} 11. exd6 $5 Qxd6 (11... exd6 12. Qh4 Ne5 13. Qg3 Bd7 14. Rd1 Qe7 15. Be2 {0-1 (22) Schirrmeister,R (2225)-Matthey,H (2192) Germany 2012}) 12. Qh4 $11) 11... e6 12. Qg3 Nb4 (12... a6 $11) 13. Bg5 Qc7 14. Qh4 Nxd3 15. cxd3 Bxe5 $2 (15... Nd7 $16 {is tougher.}) 16. Nb5 Qb8 17. Nxe5 Qxe5 18. Rae1 Qf5 19. Nd6 Qxd3 20. Re3 Qc2 21. Bf6 h5 22. Qg5 Kh7 (22... Nd7 $142 23. Be7 b6 24. Bxf8 Ba6) 23. Rh3 Qe2 24. f3 Qe3+ $18 25. Qxe3 1-0

[Event "FIDE WCCC U10 2018"]
[Site "Santiago de Compostela"]
[Date "2018.11.05"]
[Round "2"]
[White "Pingin, Artem"]
[Black "Hartofylakas, Spyros"]
[Result "1-0"]
[ECO "C65"]
[WhiteElo "1981"]
[BlackElo "1651"]
[Annotator "NA RC"]
[PlyCount "139"]
[EventDate "2018.11.04"]
[EventType "swiss"]
[EventCountry "ESP"]
[SourceTitle "playchess.com"]
[Source "ChessBase"]
[SourceQuality "1"]
[TimeControl "40/5400+30:1800+30"]

1. e4 e5 2. Nf3 Nc6 3. Bb5 Bc5 4. c3 Nf6 5. d4 Bb6 6. O-O O-O 7. Re1 d6 8. h3 Qe7 {[%emt 0:04:59] LiveBook: 7 Games} 9. Bxc6 {[%emt 0:13:08] C65: Ruy Lopez: Berlin Defence (3...Nf6), unusual lines and 4 0-0 Bc5} (9. a4 a6 10. Bc4 h6 11. Na3 Re8 12. d5 Nb8 13. Bf1 Nbd7 14. Nc4 Ba7 15. a5 Nf8 16. b3 Ng6 {1-0 (38) Radulski,J (2606)-Stojanovic,D (2496) Belgrade 2010}) 9... bxc6 10. dxe5 dxe5 11. Qa4 Bd7 $146 ({Predecessor:} 11... Nd7 12. Qxc6 Rb8 13. Be3 Nc5 14. Bxc5 Bxc5 15. b4 Bd6 16. Nbd2 Kh8 {1-0 (37) Joecks,C (2355)-Ahmels,V (2265) Germany 1991}) 12. Na3 c5 ({Nicht} 12... Qc5 13. Be3 $16) 13. Qc2 Bc6 14. Bg5 Qe6 15. Bxf6 Qxf6 16. Nc4 Rfe8 17. Rad1 Bb5 18. Qb3 Bxc4 19. Qxc4 Qe6 20. Qxe6 Rxe6 21. Nd2 f6 22. Nc4 Kf7 23. Rd5 c6 24. Rd7+ Re7 25. Red1 Bc7 26. Kf1 Ke6 27. Rxe7+ ({White should try} 27. R7d3 $16) 27... Kxe7 28. Ke2 Rd8 29. Rxd8 Bxd8 30. Kd3 Ke6 31. Ne3 g6 32. Kc4 Bb6 33. g4 Kd6 34. f3 Ke6 35. a4 a5 $1 36. Kd3 Bc7 37. Kc4 ({White should try} 37. Nf1 $16) 37... Bb6 38. Kb3 Bc7 39. Ka3 Kd7 40. Nc4 Kc8 41. b4 cxb4+ 42. cxb4 axb4+ 43. Kxb4 Kb7 $2 (43... Bb8 44. g5 fxg5) 44. Kc5 Bb8 45. Na5+ Ka6 46. Nxc6 Bc7 {[%emt 0:00:16] [#]} 47. a5 $1 h5 48. gxh5 gxh5 49. Kd5 Kb5 50. h4 Ka6 51. Ke6 Kb7 52. Kd7 Bb8 53. Nxb8 Kxb8 54. Ke6 Ka7 55. Kxf6 Ka6 56. Kxe5 Kxa5 57. f4 Kb6 58. Kd6 Kb5 59. e5 Kc4 60. e6 Kd4 61. e7 Ke4 62. e8=Q+ Kxf4 63. Qxh5 Ke4 64. Qe5+ Kd3 65. h5 Kd2 66. h6 Kc2 67. h7 Kd2 68. h8=Q Kc2 69. Qhh2+ Kd3 70. Qhe2# 1-0

[Event "FIDE WCCC U10 2018"]
[Site "Santiago de Compostela"]
[Date "2018.11.05"]
[Round "2"]
[White "Sosa Costa, Leonardo"]
[Black "Lopez Naranjo, Ubaldo Enrique"]
[Result "1-0"]
[ECO "C50"]
[WhiteElo "1945"]
[BlackElo "1612"]
[Annotator "NA RC"]
[PlyCount "63"]
[EventDate "2018.11.04"]
[EventType "swiss"]
[EventCountry "ESP"]
[SourceTitle "playchess.com"]
[Source "ChessBase"]
[SourceQuality "1"]
[TimeControl "40/5400+30:1800+30"]

1. e4 e5 2. Nf3 Nc6 3. Bc4 Bc5 4. d3 Nf6 5. O-O d6 6. c3 a5 {[%emt 0:00:11] C54: Giuoco Piano: 4 c3 Nf6, main lines with 5 d4 and 5 d3} (6... a6 7. a4 Ba7 8. Re1 O-O 9. h3 h6 10. Nbd2 Re8 11. Nf1 Be6 12. Bxe6 Rxe6 13. Be3 Bxe3 14. Nxe3 d5 {½-½ (32) Anand,V (2768)-Grischuk,A (2766) Saint Louis 2018}) 7. Bb3 h6 8. Nbd2 O-O 9. h3 {[%emt 0:01:05] LiveBook: 19 Games} Ba7 10. Re1 Be6 11. Bc2 Ne7 12. Nf1 Ng6 13. Ng3 $146 ({Predecessor:} 13. d4 c6 14. Be3 {½-½ (41) Vykouk,J (2426)-Belunek,V (2216) Ostrava 2018}) 13... c6 14. d4 Qc7 15. Qe2 Rfe8 16. Be3 c5 17. a4 Rac8 (17... cxd4 $11 18. cxd4 Rac8) 18. Rac1 ({White should try} 18. d5 $16 Bd7 19. Nd2) 18... c4 19. Nh2 ({Better is} 19. Qd2 $16) 19... exd4 (19... d5 $11) 20. cxd4 d5 (20... Bd7 $16) 21. e5 Nh7 22. f4 Ne7 23. f5 Bd7 {[%emt 0:00:09] [#]} 24. f6 $1 gxf6 25. Bxh7+ (25. Qh5 $142 f5 {[#]} 26. Ng4 $1 (26. Qxh6 Qb6 $16)) 25... Kxh7 26. Qh5 Ng8 27. Rf1 $2 ({Weaker is} 27. Qxf7+ Kh8 $16) ({White has to play} 27. Kh1 $18) 27... Be6 $18 (27... Rxe5 $15 28. Qf3 {[#]} (28. Qxf7+ Kh8 $17) 28... Rxe3 $1 29. Qxe3 Bb8) 28. Rxf6 Nxf6 29. Qxh6+ Kg8 30. exf6 Qxg3 31. Ng4 Qxe3+ 32. Nxe3 1-0

[Event "FIDE WCCC U10 2018"]
[Site "Santiago de Compostela"]
[Date "2018.11.05"]
[Round "2"]
[White "Mogirzan, Matei-Valeriu"]
[Black "Tabuenca Mendataurigoitia, Dani"]
[Result "1-0"]
[ECO "C00"]
[WhiteElo "1939"]
[BlackElo "1648"]
[Annotator "NA RC"]
[PlyCount "61"]
[EventDate "2018.11.04"]
[EventType "swiss"]
[EventCountry "ESP"]
[SourceTitle "playchess.com"]
[Source "ChessBase"]
[SourceQuality "1"]
[TimeControl "40/5400+30:1800+30"]

1. e4 e6 2. d4 d5 3. c4 dxe4 4. Nc3 Nf6 {LiveBook: 5 Games C01: French: Exchange Variation} 5. f3 (5. Be3 Be7 6. Qc2 O-O 7. O-O-O c5 8. d5 exd5 9. cxd5 Bd6 10. h3 Na6 11. a3 Bd7 12. g4 {0-1 (26) Galvao,H (2161)-Santos Latasa,J (2576) Maia 2018}) 5... Nc6 6. Be3 Bb4 7. a3 (7. Qb3 $142) 7... Bxc3+ 8. bxc3 b6 $146 (8... O-O $17 9. fxe4 Nxe4) ({Predecessor:} 8... h6 9. Qc2 exf3 10. Nxf3 O-O 11. Be2 e5 12. d5 {0-1 (73) Ferreira,K (2079)-Araujo,J (2205) Praia da Pipa 2014}) 9. fxe4 e5 10. d5 Ne7 (10... Ng4 $17 11. Bc1 O-O) 11. Nf3 Nxe4 12. Bd3 Nf5 13. Bxe4 Nxe3 14. Qe2 Ng4 $2 {[%emt 0:01:13] [#]} (14... f5 $1 $11 {und Schwarz ist OK.} 15. Qxe3 fxe4 16. Qxe4 O-O) 15. d6 $1 Rb8 {[%emt 0:00:18] [#]} 16. Bc6+ $1 ({Don't play} 16. h3 $6 Nf6 $14) 16... Kf8 {[%emt 0:00:48] [#]} 17. d7 $1 Bb7 (17... Bxd7 $142 18. O-O-O Bxc6 19. Rxd8+ Rxd8) 18. Bxb7 Rxb7 19. Qe4 ({Not} 19. Nxe5 Nxe5 20. Qxe5 Qxd7 $11) 19... Qxd7 $2 (19... c6 20. Qxg4 Qxd7) 20. Qxb7 Qd3 21. Qc8+ ({And not} 21. Qa8+ Ke7 $11) 21... Ke7 22. Qxg4 ({And not} 22. Qxh8 Qxc3+ 23. Ke2 Qe3+ 24. Kd1 Qd3+ 25. Nd2 (25. Kc1 Qc3+ 26. Kb1 Qb3+ 27. Kc1 Qc3+ 28. Kb1 Qb3+ 29. Kc1 Qc3+ $11) 25... Ne3+ 26. Ke1 Nc2+ 27. Kd1 Ne3+ 28. Ke1 Nc2+ 29. Kd1 Ne3+ $11) 22... Qxc3+ 23. Kf2 Qc2+ 24. Kg3 g6 25. Rhe1 f6 {[%emt 0:00:46] [#]} 26. Nxe5 $1 fxe5 27. Rxe5+ Kf6 28. Qg5+ Kg7 29. Re7+ Kg8 30. Qd5+ Kf8 31. Qf7# 1-0

[Event "FIDE WCCC U10 2018"]
[Site "Santiago de Compostela"]
[Date "2018.11.05"]
[Round "2"]
[White "Atanasov, Anthony"]
[Black "Kandil, Ahmed Abdel Khalek"]
[Result "1-0"]
[ECO "D00"]
[WhiteElo "1916"]
[BlackElo "1812"]
[Annotator "NA RC"]
[PlyCount "67"]
[EventDate "2018.11.04"]
[EventType "swiss"]
[EventCountry "ESP"]
[SourceTitle "playchess.com"]
[Source "ChessBase"]
[SourceQuality "1"]
[TimeControl "40/5400+30:1800+30"]

1. d4 d5 2. Bf4 Nf6 3. e3 e6 4. Nd2 c5 5. c3 Bd6 6. Bg3 Qc7 7. Ngf3 Nbd7 8. Bd3 O-O 9. Qe2 {[%emt 0:01:58] D02: 1 d4 d5 2 Nf3 sidelines, including 2...Nf6 3 g3 and 2...Nf6 3 Bf4} (9. Qc2 e5 10. dxe5 Nxe5 11. Nxe5 Bxe5 12. Nf3 Bxg3 13. hxg3 h6 14. c4 Be6 15. O-O Rfd8 16. Rac1 Rac8 17. cxd5 Nxd5 {½-½ (36) Vachier Lagrave,M (2779)-Dominguez Perez,L (2739) chess.com INT 2018}) 9... e5 10. dxe5 Nxe5 11. Nxe5 Bxe5 {[%emt 0:00:14] LiveBook: 3 Games} 12. Nf3 Bd6 13. Bh4 $146 ({Predecessor:} 13. Rd1 Bg4 14. Bh4 Be7 15. h3 Be6 16. Qc2 c4 {1-0 (70) Sukandar,I (2408)-Lye,L (2183) Cha Am 2018}) 13... Ng4 ({Black should play} 13... Ne4 $11) 14. h3 Ne5 15. Nxe5 Bxe5 16. O-O Re8 17. Qc2 g6 18. Rad1 Be6 19. f4 Bg7 20. f5 c4 $2 ({Black should play} 20... Bd7 $14) 21. fxe6 cxd3 22. exf7+ Qxf7 23. Qxd3 Qe6 24. Qxd5 Bh6 25. Qxe6+ Rxe6 26. Rd7 Bxe3+ 27. Kh1 g5 28. Bg3 Rae8 29. Rff7 Bc5 $2 (29... Rg6 {is a better defense.} 30. Rxb7 h5) 30. Rg7+ Kh8 31. Rxh7+ Kg8 32. Rhg7+ Kh8 33. Rxg5 Bb6 34. Kh2 $18 1-0

[Event "FIDE WCCC U10 2018"]
[Site "Santiago de Compostela"]
[Date "2018.11.05"]
[Round "2"]
[White "Hagner, Bennet"]
[Black "Chen, Muye"]
[Result "1-0"]
[ECO "B48"]
[WhiteElo "1912"]
[BlackElo "1636"]
[Annotator "NA"]
[PlyCount "157"]
[EventDate "2018.11.04"]
[EventType "swiss"]
[EventCountry "ESP"]
[SourceTitle "playchess.com"]
[Source "ChessBase"]
[SourceQuality "1"]
[TimeControl "40/5400+30:1800+30"]

1. e4 c5 2. Nf3 e6 3. d4 cxd4 4. Nxd4 Nc6 5. Nc3 Qc7 6. Be3 a6 7. Qd2 Nf6 8. f3 b5 9. Nxc6 {[%emt 0:00:23] B48: Sicilian: Taimanov: 5 Nc3 Qc7 6 Be3 a6 without Be2} (9. g4 Bb7 10. O-O-O Nxd4 11. Bxd4 Be7 12. g5 Nh5 13. Ne2 Rc8 14. Rg1 O-O 15. Bh3 g6 16. Kb1 d5 17. e5 {0-1 (66) Almasi,Z (2710)-Movsesian,S (2700) Warsaw 2013 CBM 158 [Szabo,Kr]}) 9... dxc6 10. O-O-O {[%emt 0:01:45] LiveBook: 11 Games} Bb7 11. Qf2 c5 12. Qg3 Qa5 $146 ({Predecessor:} 12... Qxg3 13. hxg3 Bc6 14. g4 Be7 15. g5 Nd7 16. Be2 O-O {½-½ (49) Zaichik,G (2516)-Sarkar,J (2382) Parsipanny 2002}) 13. Kb1 b4 (13... Rc8 $11 {remains equal.}) 14. Ne2 g6 15. Qe5 Bg7 16. Bg5 ({Resist} 16. Bxc5 $6 Rc8 $16) 16... Rd8 17. Rxd8+ Qxd8 18. Qxc5 h6 (18... Nd7 $16) 19. Bf4 ({Not} 19. Qxb4 hxg5 20. Qxb7 Qd1+ 21. Nc1 O-O $14) 19... Bf8 20. Qa7 Qc8 21. Qd4 Be7 22. Be5 Qd8 23. Bxf6 Bxf6 24. Qxb4 Qe7 25. Qxe7+ Kxe7 26. Nf4 Be5 27. Nd3 Rd8 28. c3 Bd6 29. Kc2 a5 30. Be2 f6 31. Rd1 h5 32. g3 Bc6 33. b3 g5 34. Nb2 h4 35. Nc4 Bc7 36. Rxd8 Kxd8 37. a4 Bb7 38. Kd3 Ba6 39. Ke3 Ke7 40. gxh4 Bf4+ 41. Kd4 gxh4 42. h3 Bd6 $2 (42... Kd7 43. b4 Bxc4 44. Kxc4 (44. Bxc4 Be5+ 45. Kd3 Bc7 $18) 44... Kc6 45. bxa5 Be3) 43. Bd3 (43. Nxd6 $18 {and the rest is easy.} Bxe2 44. Kc5) 43... e5+ 44. Ke3 Bc5+ 45. Ke2 (45. Kd2 $18) 45... Bxc4 ({Black should try} 45... Bc8) 46. Bxc4 Kd6 47. Bd5 Ba3 48. Kd3 Kc5 (48... Kc7 $142 49. Kc4 Kb6) 49. Kc2 Kb6 50. Kd3 Kc5 51. Kd2 Bb2 52. Kc2 Ba3 53. b4+ Kb6 54. Kb3 Bc1 55. Kc4 Bd2 56. Bf7 Be1 57. b5 Bd2 58. Kd5 Bxc3 59. Ke6 Bd2 60. Kxf6 Bf4 61. Kf5 Kc7 62. Bc4 Kd6 63. Kg4 Bg3 64. Be2 Ke6 $2 (64... Bf2 65. Kg5 Be1) 65. b6 Kd7 66. b7 Kc7 67. Ba6 Bf2 68. f4 exf4 69. e5 Be3 70. Kf3 (70. e6 $142 Bc5 71. Kxf4 Be7 72. Kf5 Bd6 73. Kf6 Kb6 74. e7 Kxa6 75. e8=Q Kxb7 76. Qd7+ Bc7 77. Kg5) 70... Ba7 71. Kxf4 Kd7 72. Kf5 Ke7 73. Bc4 Bb8 74. Bd5 Bc7 75. e6 Bb8 76. Kg5 Bg3 77. Kg6 Bd6 78. Kh5 Bg3 79. Kg5 1-0

[Event "FIDE WCCC U10 2018"]
[Site "Santiago de Compostela"]
[Date "2018.11.05"]
[Round "2"]
[White "Ansat, Aldiyar"]
[Black "Azjargal Erdenebat"]
[Result "0-1"]
[ECO "B20"]
[WhiteElo "1899"]
[BlackElo "1633"]
[Annotator "NA RC"]
[PlyCount "92"]
[EventDate "2018.11.04"]
[EventType "swiss"]
[EventCountry "ESP"]
[SourceTitle "playchess.com"]
[Source "ChessBase"]
[SourceQuality "1"]
[TimeControl "40/5400+30:1800+30"]

1. e4 c5 2. g3 Nc6 3. Bg2 g6 4. d3 Bg7 {[%emt 0:00:11] LiveBook: 1528 Games} 5. f4 e6 6. Nf3 Nge7 7. c3 d5 8. Na3 {[%emt 0:00:35] B20: Sicilian: Unusual White 2nd moves} (8. O-O b6 9. Na3 O-O 10. e5 Rb8 11. Nc2 b5 12. Be3 c4 13. a3 a5 14. Bc5 cxd3 15. Qxd3 Re8 16. g4 {1-0 (35) Ivanchuk,V (2726)-Vachier Lagrave,M (2758) Berlin 2015}) 8... O-O 9. e5 a6 10. O-O $146 Rb8 11. Nc2 Qc7 12. Be3 b6 13. Qe2 a5 14. c4 Ba6 15. b3 Rbd8 16. Rad1 Rd7 17. Bf2 Nb4 18. a3 Nxc2 19. Qxc2 Rfd8 20. g4 a4 21. b4 dxc4 22. Qxa4 Bb7 23. bxc5 ({Don't do} 23. dxc4 Bh6 $16) 23... bxc5 24. Qxc4 Nd5 25. Ng5 h6 26. Nh3 Bf8 27. Qc1 Nb6 (27... Qa5 $15 28. Be1 Qa4) 28. Bxb7 $1 Qxb7 29. Bh4 Rc8 30. f5 c4 31. d4 {[%emt 0:01:17] [#]} c3 $2 (31... Nd5 $1 $17 32. Nf4 Nxf4 33. Qxf4 c3 34. fxe6 fxe6) 32. fxe6 fxe6 33. Qc2 Bg7 34. Bf6 Nd5 35. Qxg6 $2 (35. Rde1 $1 $11) 35... Ne3 36. Nf4 c2 37. Rc1 Nxf1 38. Rxc2 {[%emt 0:01:19] [#]} Ne3 $1 ({Schwächer ist} 38... Rxc2 39. Qe8+ Bf8 40. Qg6+ Rg7 41. Bxg7 $15) 39. Rxc8+ Qxc8 40. Nxe6 $19 (40. Kf2 $142 Nd5 41. Nxd5 (41. Nxe6 $2 Rb7 $19) 41... exd5 42. Kg3) 40... Rb7 41. Nc5 Rf7 42. h3 Qc6 43. Qe4 Qxe4 44. Nxe4 Nd5 45. g5 hxg5 46. Nxg5 Ra7 0-1

[Event "FIDE WCCC U10 2018"]
[Site "Santiago de Compostela"]
[Date "2018.11.05"]
[Round "2"]
[White "Li, Shanglin"]
[Black "Kuhn, Clement"]
[Result "1-0"]
[ECO "B23"]
[WhiteElo "1659"]
[BlackElo "2087"]
[Annotator "NA"]
[PlyCount "119"]
[EventDate "2018.11.04"]
[EventType "swiss"]
[EventCountry "ESP"]
[SourceTitle "playchess.com"]
[Source "ChessBase"]
[SourceQuality "1"]
[TimeControl "40/5400+30:1800+30"]

1. e4 c5 2. Ne2 Nc6 3. Nbc3 d6 4. g3 g6 5. Bg2 Bg7 6. a3 {[%emt 0:01:28] LiveBook: 14 Games} e6 7. Rb1 Nge7 8. b4 O-O 9. O-O Rb8 {[%emt 0:02:04] B24: Closed Sicilian: 3 g3 sidelines} (9... b6 10. d3 Bb7 11. b5 Nd4 12. Nxd4 cxd4 13. Ne2 e5 14. c3 dxc3 15. Nxc3 Rc8 16. Qb3 Qd7 17. Bb2 Rc5 18. a4 Rfc8 {0-1 (32) Alexeev,A (2300)-Alekseev,E (2636) Sochi 2016}) 10. d3 b6 11. Bf4 e5 12. Bg5 h6 $146 ({Predecessor:} 12... Qe8 13. Nd5 f6 14. Bd2 Bd7 15. Ne3 {1-0 (52) Berglund,J-Vik Hansen,R Tromsoe 1998}) 13. Be3 Nd4 14. Qd2 Kh7 15. f4 Be6 16. Nd5 Nxd5 17. exd5 Bg4 18. Nc3 Qd7 (18... exf4 $17 19. Bxf4 g5) 19. fxe5 dxe5 20. bxc5 bxc5 21. Ne4 Qe7 $2 (21... Rxb1 $11 {and Black stays safe.} 22. Rxb1 Rc8) 22. c3 f5 (22... Rb6 $142 23. h3 (23. cxd4 cxd4 24. d6 Qd8 $16) 23... Bc8) 23. d6 $2 ({Less strong is} 23. cxd4 Rxb1 24. Rxb1 cxd4 $16) (23. Rxb8 $18 Rxb8 24. d6 (24. cxd4 cxd4 25. Bg5 hxg5 $16)) 23... Qe6 24. Nxc5 Qxd6 25. Nb7 (25. cxd4 $11 Rxb1 26. Rxb1 exd4 27. Bxh6 Bxh6 28. Rb7+ Bg7 29. h3) 25... Ne2+ 26. Kh1 {[%emt 0:00:11] [#]} Qxa3 (26... Qd7 $1 $17 27. Bxa7 Rbc8) 27. Bc5 $1 Qxc3 28. Qxc3 Nxc3 29. Rb3 Nd1 30. Bxf8 Bxf8 31. Re1 ({Günstiger ist} 31. Rb1 $11) 31... Re8 $2 (31... f4 $15 {behält die Oberhand.} 32. Rxe5 f3) 32. d4 ({Lieber} 32. h3 $16 Nf2+ 33. Kh2) 32... e4 33. d5 Nf2+ 34. Kg1 Nd3 $1 35. Reb1 Re7 $2 (35... Nc5 $11 {and Black is okay.} 36. Rb5 Nd7) 36. h3 Bh5 37. d6 Rd7 {[%emt 0:00:56] [#]} 38. g4 $1 fxg4 39. Bxe4 Ne5 40. Rb5 Bg7 41. hxg4 Bxg4 42. Rc1 a6 {[%emt 0:05:42] [#]} 43. Ra5 $1 Bf3 $2 ({Better is} 43... h5 $1 $14) 44. Bxf3 Nxf3+ 45. Kf2 Ne5 46. Rc7 Ng4+ 47. Kf3 Nf6 48. Rxa6 Bf8 49. Nc5 Bxd6 50. Nxd7 Bxc7 51. Nxf6+ Kg7 52. Ne8+ Kf7 53. Nxc7 h5 54. Nd5 Kg7 55. Nf4 h4 56. Rxg6+ Kh7 57. Rg4 h3 58. Nxh3 Kh8 59. Kf4 Kh7 60. Kf5 1-0

[Event "FIDE WCCC U10 2018"]
[Site "Santiago de Compostela"]
[Date "2018.11.05"]
[Round "2"]
[White "Colev, Ivor"]
[Black "Materia, Marco"]
[Result "0-1"]
[ECO "C95"]
[WhiteElo "1655"]
[BlackElo "2035"]
[Annotator "NA RC"]
[PlyCount "153"]
[EventDate "2018.11.04"]
[EventType "swiss"]
[EventCountry "ESP"]
[SourceTitle "playchess.com"]
[Source "ChessBase"]
[SourceQuality "1"]
[TimeControl "40/5400+30:1800+30"]

1. e4 {[%emt 0:00:00] Marin,M} e5 2. Nf3 Nc6 3. Bb5 a6 4. Ba4 Nf6 5. O-O Be7 6. Re1 b5 7. Bb3 d6 8. c3 O-O 9. h3 Nb8 10. d4 Nbd7 11. Nbd2 Bb7 12. Bc2 Re8 13. Nf1 Bf8 14. Ng3 g6 15. Bg5 h6 16. Bd2 Bg7 17. Qc1 Kh7 {[%emt 0:00:06] LiveBook: 23 Games C95: Closed Ruy Lopez: Breyer Variation with 10 d4} 18. a4 c5 {[%emt 0:08:53] [#]} 19. axb5 $146 ({Predecessor:} 19. d5 c4 20. b4 cxb3 21. Bxb3 Nc5 22. Qa3 Nfd7 23. Be3 Qc7 24. Reb1 Reb8 25. Nd2 {1-0 (52) Palac,M (2577)-Swiercz,D (2656) Gjakova 2016 CBM 173 [Marin,M]}) 19... axb5 20. Bd3 Qb6 21. dxe5 Nxe5 22. Nxe5 dxe5 23. Be3 Qc6 24. Qd2 Nd7 25. Qe2 (25. Bf1 $11) 25... c4 26. Bc2 {[%emt 0:00:07] [#]} f5 $1 27. f4 Rxa1 28. Rxa1 exf4 29. Bxf4 fxe4 (29... Nc5 $17 30. Be3 fxe4) 30. Bxe4 Rxe4 31. Nxe4 Qxe4 32. Qxe4 Bxe4 33. Ra7 Nf6 34. Be5 Kg8 35. Re7 Bd5 36. Rc7 Bf7 37. Rc8+ Ne8 38. Bxg7 Kxg7 39. Rb8 Nd6 40. Rb6 Ne4 41. Rxb5 Kf6 42. Kf1 Nd6 43. Rb6 Ke5 44. Ke2 Nf5 45. Kf2 h5 46. g3 g5 47. Rb5+ Bd5 48. Ra5 Nd6 49. Ke3 Nf5+ 50. Kf2 Ke4 51. Ra1 Nd6 52. Ra6 Nf7 53. Ra1 Nd6 54. Ra6 Ke5 55. Ra5 ({White should try} 55. Kg1 $15) 55... Ne4+ 56. Ke1 Kd6 ({Don't take} 56... Nxg3 57. b3 $17) 57. Ra6+ Ke7 58. Ra7+ Kf6 59. Ra6+ Be6 60. h4 $2 (60. g4 {nothing else works.} hxg4 61. hxg4) 60... g4 61. Ra5 Nxg3 62. Kf2 {[%emt 0:00:37] [#]} Nf5 $1 63. Rc5 Bf7 64. Rc6+ Kg7 65. Rc5 Nxh4 66. Kg3 Nf3 67. Kf4 Kf6 68. Rc6+ Be6 69. Rc5 h4 70. Rh5 Kg6 71. Ra5 Ne1 72. Rg5+ Kh6 73. Ra5 Nd3+ 74. Ke3 h3 75. Ra1 Kg5 $19 76. Rh1 Kh4 77. Kd4 0-1